Map: Vigía EE

Players

MrFercho - Winner!

  • Race: Zerg Zerg
  • League: Gold
  • Spawn Location: 5:00

tigro - Winner!

  • Race: Terran Terran
  • League: Bronze
  • Spawn Location: 6:00

TATORREA - Winner!

  • Race: Protoss Protoss
  • League: Gold
  • Spawn Location: 5:00

NorthPoleCal

  • Race: Protoss Protoss
  • League: Silver
  • Spawn Location: 9:00

ChezJonesy

  • Race: Terran Terran
  • League: Silver
  • Spawn Location: 12:00

TitanicLuc

  • Race: Zerg Zerg
  • League: Bronze
  • Spawn Location: 9:00

VOD

Have the link to the VOD?

Description

Time

  • Played on: July 20, 2020, 9:05 p.m.
  • Length: 13:40
Show
View Real Time Build Order
Export as new Build Order

MrFercho Zerg - Winner!

Build Orders: Hatch First 

Get SALT Encoding   

  12  0:04  Drone  
  13  0:18  Overlord  
  13  0:19  Drone  
  14  0:37  Drone x2  
  16  0:55  Drone  
  17  0:57  Drone  
  17  1:02  Hatchery  
  17  1:04  Drone  
  17  1:09  Extractor  
  17  1:18  Spawning Pool  
  16  1:21  Drone  
  16  1:24  Drone  
  18  1:34  Drone  
  19  1:49  Overlord  
  19  1:57  Drone  
  20  2:04  Queen  
  22  2:10  Drone  
  23  2:16  Metabolic Boost  
  23  2:19  Zergling x4  
  25  2:24  Drone  
  25  2:28  Queen  
  28  2:33  Drone  
  28  2:35  Drone  
  30  2:39  Drone  
  31  2:46  Drone  
  31  2:50  Drone  
  33  2:53  Lair  
  33  2:57  Drone  
  34  3:00  Drone  
  35  3:08  Drone  
  35  3:10  Overlord  
  36  3:21  Baneling Nest  
  36  3:23  Drone  
  36  3:24  Extractor, Drone  
  36  3:28  Queen  
  36  3:34  Drone x4  
  42  3:41  Zergling x2  
  42  3:42  Zergling x2  
  42  3:43  Overlord  
  42  3:44  Overlord  
  44  3:58  Overlord x2  
  44  4:03  Drone x4  
  48  4:10  Centrifical Hooks  
  48  4:17  Drone x4  
  48  4:18  Drone  
  48  4:22  Extractor  
  52  4:27  Drone x3  
  55  4:34  Zergling x6  
  58  4:42  Overlord  
  58  4:43  Extractor, Overlord  
  57  4:48  Overseer  
  57  5:08  Zergling x2  
  57  5:09  Zergling x14  
  57  5:14  Drone  
  66  5:15  Nydus Network  
  65  5:25  Hatchery  
  65  5:26  Drone x2  
  66  5:35  Evolution Chamber  
  65  5:44  Drone  
  65  5:45  Drone x3, Evolution Chamber  
  65  5:46  Hatchery  
  67  5:57  Spore Crawler  
  67  6:01  Zergling x12  
  72  6:14  Zerg Ground Armor Level 1, Zerg Missile Weapons Level 1  
  72  6:40  Pneumatized Carapace  
  72  6:41  Zergling x2  
  72  6:42  Zergling x24  
  72  6:44  Baneling x2  
  72  6:45  Baneling x7  
  72  6:46  Baneling  
  85  6:52  Baneling x8  
  85  7:04  Drone x9  
  94  7:13  Hydralisk Den  
  93  7:16  Spire  
  93  7:18  Infestation Pit  
  93  7:20  Overlord  
  93  7:21  Overlord x5  
  91  7:35  Overseer  
  91  7:51  Drone x4  
  91  7:52  Drone x7  
  91  7:57  Extractor  
  91  7:58  Extractor  
  100  8:01  Hive  
  100  8:11  Evolution Chamber  
  100  8:12  Muscular Augments, Lurker Den, Hydralisk  
  99  8:13  Hydralisk x4  
  99  8:14  Overlord  
  108  8:46  Nydus Canal  
  108  9:15  Hydralisk x10  
  108  9:16  Hydralisk x5  
  138  9:24  Grooved Spines  
  138  9:26  Nydus Canal  
  132  10:11  Hydralisk x8  
  118  10:52  Hydralisk x4  
  118  10:53  Hydralisk x8  
  142  11:06  Nydus Canal  
  142  11:13  Hydralisk  
  141  11:25  Overseer  
  131  11:43  Zergling x24  
  140  11:55  Seismic Spines  
  124  12:40  Hydralisk x4  
  124  12:41  Hydralisk x2  
Show
View Real Time Build Order
Export as new Build Order

tigro Terran - Winner!

Build Orders:  

Get SALT Encoding   

  12  0:17  Supply Depot, SCV  
  13  0:29  Refinery  
  13  0:30  SCV  
  14  0:42  SCV  
  15  0:53  Barracks  
  15  0:54  SCV  
  16  1:05  Refinery  
  16  1:06  SCV  
  17  1:18  SCV  
  18  1:20  Supply Depot  
  18  1:30  SCV  
  19  1:41  Marine  
  19  1:42  SCV  
  21  1:54  SCV  
  21  1:59  Marine  
  23  2:04  Factory  
  23  2:13  SCV  
  24  2:17  Marine  
  25  2:23  Engineering Bay  
  25  2:25  SCV  
  26  2:34  Marine  
  27  2:38  Orbital Command  
  27  2:51  Factory Tech Lab  
  27  3:09  Barracks Tech Lab, Starport  
  27  3:14  Siege Tank  
  30  3:46  Combat Shield  
  30  3:47  Starport  
  30  3:50  Command Center  
  30  3:52  Terran Infantry Weapons Level 1  
  30  4:25  Medivac  
  30  4:30  Starport Tech Lab  
  32  4:40  Barracks  
  32  4:45  Marine  
  33  5:00  Missile Turret  
  33  5:02  Marine  
  33  5:05  Stimpack, SCV, Refinery  
  35  5:17  SCV  
  35  5:20  Marine  
  37  5:30  SCV  
  37  5:32  Missile Turret  
  38  5:42  SCV  
  39  5:46  Terran Infantry Armor Level 1  
  39  5:53  Siege Tank  
  39  5:54  SCV  
  39  5:55  Barracks Reactor  
  43  6:06  SCV  
  44  6:16  Refinery  
  44  6:18  Missile Turret, SCV  
  45  6:38  Missile Turret  
  45  6:41  SCV  
  46  6:53  SCV  
  47  6:57  Supply Depot  
  47  7:05  SCV  
  48  7:08  Missile Turret  
  48  7:17  SCV  
  48  7:20  Supply Depot  
  49  7:28  Marine x3  
  49  7:29  SCV  
  53  7:32  Armory  
  53  7:40  Hi-Sec Auto Tracking  
  53  7:45  Marine  
  53  7:46  Marine x2, SCV  
  58  7:58  SCV  
  58  8:03  Marine  
  58  8:04  Marine x2, Starport Tech Lab  
  61  8:10  SCV  
  62  8:21  Marine x3, Fusion Core  
  62  8:22  SCV  
  66  8:32  Command Center  
  66  8:34  SCV  
  66  8:37  Neosteel Armor  
  66  8:39  Marine  
  68  8:43  Medivac  
  68  8:47  SCV  
  53  10:17  Terran Infantry Weapons Level 2  
  49  10:31  Battlecruiser  
  61  10:49  Refinery  
  61  10:50  SCV  
  61  10:56  Marine x3  
  65  10:59  Weapon Refit  
  65  11:02  SCV  
  66  11:05  Refinery  
  66  11:07  Thor  
  72  11:13  Marine x3  
  72  11:14  SCV  
  72  11:17  Medivac  
  72  11:26  SCV  
  72  11:31  Marine x3  
  76  11:35  Battlecruiser  
  76  11:38  SCV  
  83  11:47  Medivac  
  85  11:49  Marine x3  
  85  11:50  SCV  
  89  12:02  SCV  
  89  12:07  Marine  
  91  12:14  SCV  
  92  12:17  Battlecruiser  
  92  12:20  Missile Turret  
  98  12:26  SCV  
  99  12:39  Rapid Reignition System  
  99  12:43  Missile Turret  
  99  13:07  Missile Turret  
  88  13:29  Missile Turret  
Show
View Real Time Build Order
Export as new Build Order

TATORREA Protoss - Winner!

Build Orders: 1 Gate Expand 

Get SALT Encoding   

  12  0:04  Probe  
  13  0:16  Probe  
  14  0:24  Pylon  
  14  0:28  Probe  
  15  0:42  Probe  
  16  0:49  Gateway  
  16  1:02  Probe  
  17  1:14  Probe  
  17  1:17  Pylon  
  18  1:20  Assimilator  
  18  1:22  Probe  
  18  1:30  Probe  
  19  1:39  Nexus  
  20  1:42  Probe  
  21  1:48  Pylon  
  21  2:13  Cybernetics Core  
  20  2:19  Gateway  
  20  2:27  Probe  
  21  2:30  Assimilator  
  21  2:39  Probe  
  21  2:40  Zealot  
  24  2:51  Probe  
  24  2:55  Pylon, Probe  
  24  2:58  Pylon  
  26  3:00  Warp Gate  
  26  3:07  Stalker  
  26  3:08  Stalker  
  26  3:10  Probe x2  
  32  3:22  Robotics Facility  
  32  3:26  Gateway, Probe  
  33  3:28  Probe  
  34  3:37  Stalker  
  34  3:41  Zealot  
  38  3:43  Probe  
  38  3:45  Probe  
  40  3:55  Probe  
  41  3:58  Probe  
  42  4:05  Shield Battery  
  42  4:07  Shield Battery, Probe  
  43  4:10  Probe, Observer  
  43  4:15  Stalker  
  47  4:20  Sentry  
  49  4:24  Probe x2  
  51  4:34  Assimilator  
  51  4:37  Assimilator  
  51  4:38  Immortal  
  55  4:51  Probe x2  
  57  4:53  Gateway  
  57  4:55  Gateway  
  57  5:03  Pylon, Probe x2  
  57  5:06  Pylon  
  59  5:15  Probe x2  
  59  5:20  Zealot x2  
  59  5:21  Zealot  
  67  5:26  Immortal  
  71  5:34  Probe  
  71  5:35  Twilight Council  
  72  5:36  Probe  
  73  5:46  Probe  
  74  5:50  Zealot  
  74  5:51  Zealot x3  
  82  6:03  Charge  
  82  6:06  Nexus  
  82  6:14  Pylon  
  82  6:16  Pylon  
  82  6:20  Probe x2  
  84  6:32  Probe x2  
  86  6:36  Forge x2  
  86  6:42  Forge  
  86  6:44  Probe x2  
  88  6:54  Immortal  
  88  6:56  Probe x2  
  94  7:02  Robotics Bay  
  94  7:08  Probe, Zealot  
  96  7:09  Probe, Zealot  
  96  7:11  Sentry  
  102  7:22  Pylon  
  102  7:25  Protoss Ground Armor Level 1, Protoss Ground Weapons Level 1  
  102  7:27  Protoss Shields Level 1  
  102  7:28  Pylon  
  102  7:29  Probe x2  
  104  7:30  Probe  
  104  7:31  Pylon  
  104  7:35  Pylon  
  105  7:37  Assimilator  
  105  7:41  Assimilator  
  105  7:42  Pylon  
  105  7:51  Blink  
  105  7:55  Zealot x2  
  105  7:57  Zealot  
  105  7:58  Zealot  
  113  8:00  Zealot  
  115  8:22  Probe x3  
  118  8:32  Zealot x4  
  118  8:33  Zealot  
  128  8:34  Probe x3  
  128  8:37  Colossus  
  128  8:39  Extended Thermal Lance  
  137  8:49  Stargate  
  137  8:51  Stargate  
  137  8:55  Stargate  
  129  9:38  Zealot x2  
  119  9:39  Zealot x3  
  119  9:44  Protoss Ground Armor Level 2, Colossus, Protoss Ground Weapons Level 2  
  119  9:45  Protoss Shields Level 2  
  121  10:01  Nexus  
  121  10:04  Pylon  
  121  10:13  Fleet Beacon  
  121  10:19  Probe  
  121  10:20  Probe x2  
  124  10:27  Void Ray x3  
  124  10:28  Zealot x3  
  126  10:29  Zealot x2  
  126  10:32  Probe x3  
  149  10:46  Colossus  
  155  11:01  Zealot x4  
  155  11:02  Zealot  
  165  11:20  Probe x4  
  165  11:23  Pylon  
  165  11:25  Zealot x2  
  171  11:26  Zealot x3  
  171  11:27  Pylon  
  171  11:28  Pylon  
  171  11:29  Pylon  
  171  11:31  Pylon  
  171  11:32  Probe  
  180  11:34  Assimilator x2  
  180  11:36  Pylon  
  180  11:41  Probe x3, Observer  
  180  11:42  Gateway  
  180  11:44  Probe  
  185  11:48  Gateway  
  185  11:51  Gateway  
  185  11:53  Probe  
  186  11:57  Nexus  
  186  12:00  Pylon, Zealot x2  
  186  12:01  Zealot  
  192  12:02  Pylon  
  192  12:05  Carrier  
Show
View Real Time Build Order
Export as new Build Order

NorthPoleCal Protoss 

Build Orders:  

Get SALT Encoding   

  12  0:01  Probe  
  13  0:17  Pylon  
  13  0:40  Forge  
  13  0:46  Pylon  
  13  0:47  Assimilator  
  13  0:58  Pylon  
  13  1:09  Gateway  
  13  1:22  Photon Cannon  
  13  1:28  Probe  
  14  1:36  Probe  
  14  1:46  Probe  
  16  1:57  Zealot  
  18  2:23  Probe, Cybernetics Core  
  19  2:32  Probe  
  20  2:40  Zealot  
  20  2:41  Probe  
  23  3:05  Robotics Facility  
  23  3:21  Nexus  
  23  3:27  Assimilator  
  23  3:29  Assimilator  
  23  3:39  Photon Cannon  
  23  3:42  Stalker  
  23  3:48  Warp Gate  
  25  4:04  Gateway  
  25  4:23  Assimilator  
  25  4:47  Immortal  
  29  4:55  Probe  
  30  5:03  Probe  
  31  5:13  Probe  
  31  5:16  Stalker x2  
  36  5:25  Pylon  
  36  5:27  Pylon  
  36  5:29  Immortal  
  36  5:30  Pylon  
  40  5:47  Probe x2  
  42  5:58  Pylon  
  42  5:59  Probe  
  42  6:00  Probe  
  44  6:26  Twilight Council  
  44  6:33  Immortal  
  48  6:44  Stalker x2  
  52  7:05  Blink  
  52  7:13  Templar Archives  
  52  7:18  Stalker  
  54  7:36  Probe x2  
  56  7:44  Stalker x2  
  56  7:48  Probe  
  61  8:12  Immortal  
  65  8:19  Probe x2  
  67  8:22  Psionic Storm  
  67  8:31  Probe  
  68  9:09  Stalker  
  70  9:10  Stalker  
  44  9:50  Immortal  
  43  10:21  Stalker x2  
  23  10:56  High Templar x2  
    11:29  Stalker  
    11:31  Stalker  
  2  11:55  Stalker x2  
Show
View Real Time Build Order
Export as new Build Order

ChezJonesy Terran 

Build Orders:  

Get SALT Encoding   

  12  0:01  SCV  
  13  0:22  SCV  
  13  0:27  Supply Depot  
  14  0:39  Refinery  
  14  0:40  SCV  
  15  0:57  SCV  
  16  1:00  Refinery  
  16  1:07  Barracks  
  16  1:13  SCV  
  17  1:25  SCV  
  18  1:37  SCV  
  19  1:49  SCV  
  20  1:55  Barracks Reactor  
  20  1:58  Factory  
  20  2:01  Orbital Command  
  20  2:07  Supply Depot  
  20  2:32  Engineering Bay  
  20  2:36  SCV  
  21  2:41  Marine x2  
  21  2:43  Factory Tech Lab  
  23  2:47  Starport  
  23  2:49  SCV  
  24  2:55  Supply Depot  
  24  3:13  Marine x2  
  24  3:19  Siege Tank, Missile Turret  
  29  3:31  Starport Tech Lab  
  29  3:47  Missile Turret  
  29  3:51  Viking  
  31  4:11  Missile Turret  
  31  4:15  Siege Tank  
  34  4:19  Marine x2  
  34  4:21  Cloaking Field, Medivac  
  38  4:58  SCV  
  39  5:10  Command Center  
  39  5:15  Supply Depot  
  39  5:20  Supply Depot  
  39  5:24  Missile Turret  
  39  5:34  Supply Depot  
  39  5:36  Marine x2  
  39  5:37  SCV  
  42  5:50  SCV  
  42  5:51  Armory  
  42  5:55  Terran Infantry Weapons Level 1  
  43  6:05  Banshee  
  46  6:23  SCV  
  47  6:35  SCV  
  47  6:39  Refinery  
  48  6:41  Orbital Command  
  48  7:06  SCV  
  49  7:18  SCV  
  50  7:28  Banshee  
  53  7:41  Terran Ship Weapons Level 1  
  53  7:49  Fusion Core, Hi-Sec Auto Tracking  
  53  7:53  Refinery  
  53  8:03  Starport  
  53  8:05  Starport  
  53  8:11  Banshee  
  56  8:14  SCV x2  
  58  8:26  SCV x2  
  60  8:35  Starport  
  60  8:44  Starport Tech Lab  
  60  9:14  Starport Tech Lab  
  40  10:21  SCV x2  
  42  10:33  SCV  
  42  10:34  SCV  
  44  10:39  Hellion  
  44  10:40  Missile Turret  
  46  10:48  Battlecruiser x2  
  46  10:49  Missile Turret  
  58  10:51  Weapon Refit  
  58  11:00  Hellion  
  58  11:03  Missile Turret  
  60  11:16  Banshee  
  55  11:52  Raven, Battlecruiser  
  63  11:58  SCV  
  63  11:59  SCV  
  65  12:05  Missile Turret  
  65  12:11  SCV  
  66  12:21  Hellion  
  68  12:32  Supply Depot  
  70  12:42  Siege Tank  
Show
View Real Time Build Order
Export as new Build Order

TitanicLuc Zerg 

Build Orders: Pool First 

Get SALT Encoding   

  12  0:04  Drone  
  13  0:10  Drone  
  14  0:17  Extractor  
  14  0:20  Drone  
  14  0:38  Overlord  
  14  0:56  Drone x2  
  17  0:57  Drone  
  17  1:07  Spawning Pool  
  16  1:14  Drone  
  17  1:30  Drone  
  18  2:06  Spine Crawler  
  17  2:12  Spore Crawler  
  17  2:14  Drone x3  
  19  2:17  Queen  
  21  2:41  Hatchery  
  20  2:50  Zergling x4  
  22  2:53  Overlord  
  22  3:06  Roach Warren  
  22  3:10  Metabolic Boost  
  22  3:11  Queen  
  23  3:15  Extractor  
  23  3:17  Drone x2  
  24  3:35  Overlord  
  24  3:39  Zergling x2  
  24  3:40  Zergling x2  
  26  3:43  Drone  
  26  3:47  Burrow  
  27  4:02  Roach x2  
  31  4:05  Drone x2  
  31  4:06  Drone  
  34  4:19  Roach  
  36  4:48  Drone x3  
  39  5:03  Roach x2  
  39  5:06  Ravager  
  44  5:10  Overlord  
  44  5:11  Overlord  
  44  5:44  Queen  
  44  5:49  Lair  
  46  5:51  Drone x3  
  46  5:55  Extractor  
  48  6:02  Roach x3  
  54  6:05  Ravager x2  
  56  6:53  Zergling x6  
  59  7:07  Drone  
  60  7:10  Overlord x2  
  60  7:17  Spire  
  59  7:30  Drone x2  
  61  7:37  Roach x2  
  65  8:24  Hydralisk Den  
  64  8:28  Drone x3  
  64  8:30  Queen  
  69  9:39  Extractor  
  18  10:58  Hydralisk x5  
  18  10:59  Hydralisk x4  
  36  11:09  Lair  
  36  11:48  Hatchery  
  17  12:01  Hydralisk x2  
  17  12:02  Hydralisk  
  20  12:14  Spire  
Tags
 
Add a new tag
Caveats
  • Supply blocks, unpowered buildings, or Contaminate may cause inaccurate times.
  • Supply counts are checked every 10 seconds.